Four Lakes
508809852Analyzed1v1 RM
·
8d ago on Sep 24, 2026·
21m 35s·
2 players
Game mode
Random Map
Map size
Tiny (2 player)
Population
200
Speed
Normal
Resources
Standard
Victory
Conquest
Starting age
Dark Age
Ending age
Imperial Age
RankedLock teamsTeams togetherTeam positionsShared explorationLock speedFull tech treeHidden civsTurbo modeCheats
Victory
Defeat
Replay analysis
羅sai
9:59
Loom
12:14
Feudal Age
12:55
Double-Bit Axe
13:36
Gold Mining
16:13
Castle Age
14:35
Bloodlines
15:05
Scale Barding Armor
15:44
Forging
17:19
Chain Barding Armor
19:55
Iron Casting
20:19
Husbandry
21:13
Horse Collar
Financial Panther
6:31
Loom
9:47
Feudal Age
12:58
Double-Bit Axe
17:27
Castle Age
15:41
Fletching
17:55
Scale Mail Armor
17:51
Fishing Lines
18:20
Pikeman
20:21
Squires